 Dungeon Crawl Stone Soup version 0.26-a0-665-gefeb406 (webtiles) character file.

Game seed: 14776194645954399328

18160 Mopster the Fencer (level 12, -8/112 HPs)
             Began as a Minotaur Berserker on Oct 13, 2020.
             Was an Elder of Trog.
             Mangled by an ice beast (13 damage)
             ... summoned by an ice statue
             ... in an ice cave.
             The game lasted 01:06:07 (11988 turns).

Mopster the Fencer (Minotaur Berserker)            Turns: 11988, Time: 01:06:08

Health: -8/112     AC: 16    Str: 26    XL:     12   Next: 25%
Magic:  11/11      EV: 18    Int:  4    God:    Trog [****..]
Gold:   944        SH:  0    Dex: 23    Spells: 11/11 levels left

rFire    . . .     SeeInvis .   v - +6 great sword (vorpal)
rCold    . . .     Faith    .   (shield currently unavailable)
rNeg     . . .     Spirit   .   s - +5 ring mail of the Distant Future {rCorr}
rPois    .         Reflect  .   w - +0 hat
rElec    .         Harm     .   i - scarf {repulsion}
rCorr    +         Rampage  .   k - +1 pair of gloves
MR       .....                  J - +0 pair of boots {run}
Stlth    +.........             y - amulet of regeneration
HPRegen  0.68/turn              u - +6 ring of dexterity
MPRegen  0.12/turn              x - +6 ring of dexterity

@: berserk cooldown, hasted and slowed, repel missiles, quick
A: retaliatory headbutt, horns 2
a: Berserk, Trog's Hand, Brothers in Arms, Renounce Religion


You were in an ice cave.
You worshipped Trog.
Trog was greatly pleased with you.
You visited 3 branches of the dungeon, and saw 13 of its levels.
You also visited: Ice Cave.

You collected 944 gold pieces.

Inventory:

Hand Weapons
 a - a +0 falchion
 f - a +0 battleaxe
 n - a +2 hand axe of flaming
 v - a +6 vorpal great sword (weapon)
 I - a +1 triple sword of flaming
Armour
 d - a +0 hat
 i - a scarf of repulsion (worn)
 k - a +1 pair of gloves (worn)
 s - the +5 ring mail of the Distant Future (worn) {rCorr}
   (You found it on level 4 of the Dungeon)

   It provides partial protection from all sources of acid and corrosion.
 w - a +0 hat (worn)
 J - a +0 pair of boots of running (worn)
Jewellery
 l - a +4 ring of evasion
 m - an uncursed ring of flight
 u - a +6 ring of dexterity (left hand)
 x - a +6 ring of dexterity (right hand)
 y - an amulet of regeneration (around neck)
 G - an uncursed ring of resist corrosion
 M - an uncursed ring of resist corrosion
Wands
 C - a wand of acid (10)
 D - a wand of iceblast (16)
 N - a wand of random effects (15)
Scrolls
 c - 2 scrolls of fear
 g - 5 scrolls of teleportation
 j - 5 scrolls of fog
 o - 6 scrolls of remove curse
 q - 4 scrolls of enchant armour
 B - 2 scrolls of torment
 K - a scroll of blinking {unknown}
 L - 2 scrolls of identify
 O - a scroll of vulnerability {unknown}
Potions
 b - a potion of resistance
 e - 2 potions of degeneration
 h - 4 potions of curing
 p - a potion of ambrosia
 r - a potion of cancellation
 z - a potion of magic
 A - a potion of might {unknown}
 E - a potion of mutation
 F - a potion of haste
 H - 2 potions of stabbing
Miscellaneous
 t - a condenser vane (2/2)


   Skills:
 * Level 12.1 Fighting
 + Level 15.0 Long Blades
 + Level 10.0 Armour
 + Level 8.0 Dodging
 * Level 5.2 Evocations


You had 11 spell levels left.
You didn't know any spells.
Your spell library contained the following spells:

 Spells                   Type           Power        Failure   Level
 Animate Skeleton         Necr           #.....       61%         1
 Apportation              Tloc           #.....       61%         1
 Corona                   Hex            #......      61%         1
 Pain                     Necr           #...         61%         1
 Sandblast                Erth           #.....       61%         1
 Shock                    Conj/Air       #...         61%         1
 Summon Small Mammal      Summ           #...         61%         1
 Passwall                 Tmut/Erth      #.......     75%         2
 Swiftness                Air            #.......     75%         2
 Confusing Touch          Hex            #.......     93%         3
 Gell's Gravitas          Tloc           #.........   93%         3
 Static Discharge         Conj/Air       #.......     93%         3
 Stone Arrow              Conj/Erth      #.....       93%         3
 Vampiric Draining        Necr           #.........   93%         3
 Airstrike                Air            #.........   100%        4
 Animate Dead             Necr           #.........   100%        4
 Petrify                  Tmut/Erth      #.......     100%        4
 Agony                    Necr           #.......     100%        5
 Lee's Rapid Deconstruct  Erth           #.........   100%        5
 Lightning Bolt           Conj/Air       #.........   100%        5
 Metabolic Englaciation   Hex/Ice        #.........   100%        5
 Yara's Violent Unravell  Hex/Tmut       #.........   100%        5


Dungeon Overview and Level Annotations

Branches:
Dungeon (10/15)            Temple (1/1) D:7            Lair (2/6) D:10
  IceCv (1/1)
  Swamp: Lair:2-4    Shoals: Lair:2-4     Snake: Lair:2-4    Spider: Lair:2-4
    Orc: D:9-12

Altars:
Ashenzari
Cheibriados
Dithmenos
Elyvilon
Fedhas
Gozag
Hepliaklqana
Kikubaaqudgha
Makhleb
Nemelex Xobeh
Okawaru
Qazlal
Ru
Sif Muna
Trog
Uskayaw
Vehumet
Wu Jian
Xom
Yredelemnul
Zin
The Shining One

Shops:
D:7 *

Annotations:
IceCv 1 transporter, exclusion: 2 ice statues


Innate Abilities, Weirdness & Mutations

You reflexively headbutt those who attack you in melee.
You have a pair of horns on your head.


Message History

The ice beast closely misses you. You furiously retaliate!
You headbutt the ice beast, but do no damage.
You slash the ice beast!
You kill the ice beast!
The ice beast hits you but does no damage.
The ice beast misses you. The ice beast hits you.
* * * LOW HITPOINT WARNING * * *
The ice beast freezes you!
* * * LOW HITPOINT WARNING * * *
Unknown command.
You slice the ice beast!!
You kill the ice beast!
The ice beast completely misses you. The ice statue gestures at you.
The freezing blast engulfs the ice beast.
The ice beast completely resists.
The ice beast hits you.
* * * LOW HITPOINT WARNING * * *
The ice beast freezes you!
You die...

#..........##
#...........##
#.8..8.......#
#?.).........#
#©:.?....©.∩.#
#☼§$.°.......#
#Y8°.8.......#
#☼YY°.......##
#§@§°......##
##.§§.....##
###...####
#####


You could see 2 ice statues and 3 ice beasts.

Vanquished Creatures
  A hydra (Lair:1)
  The ghost of Gigglenaut the Frost Mage, a journeyman DsIE of Sif Muna (D:10)
  A two-headed ogre (D:9)
  2 ugly things (IceCv)
  7 cane toads
  3 komodo dragons
  4 trolls
  A queen bee (D:10)
  A slime creature (D:7)
  Grinder (D:3)
  3 hornets
  Prince Ribbit (D:5)
  5 blink frogs (Lair:1)
  Sigmund (D:3)
  9 yaks
  A basilisk (Lair:1)
  Eustachio (D:4)
  A vampire (D:10)
  A steam dragon (D:7)
  A wyvern (D:8)
  5 water moccasins
  6 ice beasts
  4 orc warriors
  4 sky beasts
  5 black bears
  6 ogres
  5 phantoms
  7 centaurs
  2 big kobolds
  10 bullfrogs
  A gnoll sergeant (D:9)
  5 scorpions
  2 wyvern skeletons
  6 killer bees
  5 wights
  4 howler monkeys
  2 centaur zombies
  3 quasits
  5 hounds
  3 jellies
  3 orc priests
  Crazy Yiuf (D:4)
  A centaur skeleton (D:4)
  3 bullfrog skeletons
  Terence (D:3)
  17 orc wizards
  Natasha (thrice) (D:3)
  12 worker ants
  2 iguanas
  A hound zombie (D:8)
  2 hound skeletons
  A worker ant zombie (D:8)
  9 gnolls
  15 adders
  2 shadow imps
  6 white imps
  5 ufetubi
  An adder zombie (D:8)
  A worm (D:4)
  3 dart slugs (D:1)
  9 leopard geckos
  35 orcs
  15 giant cockroaches
  9 goblins
  7 hobgoblins
  12 jackals
  21 kobolds
  3 quokkas
  6 bats
  8 frilled lizards
  A jackal skeleton (D:7)
  A jackal zombie (D:8)
  2 leopard gecko skeletons
  A quokka skeleton (D:5)
  8 rats
363 creatures vanquished.

Vanquished Creatures (collateral kills)
  An orc warrior (D:7)
  An ice beast (IceCv)
  A scorpion (D:7)
  An orc priest (D:7)
4 creatures vanquished.

Vanquished Creatures (others)
  29 fungi (D:10)
  29 plants
58 creatures vanquished.

Grand Total: 425 creatures vanquished

Notes
Turn   | Place    | Note
-------+----------+-------------------------------------------
     0 | D:1      | Mopster the Minotaur Berserker began the quest for the Orb.
     0 | D:1      | Reached XP level 1. HP: 19/19 MP: 0/0
   134 | D:1      | Reached XP level 2. HP: 26/27 MP: 1/1
   168 | D:1      | Reached skill level 4 in Long Blades
   530 | D:1      | Reached XP level 3. HP: 24/34 MP: 2/2
   935 | D:2      | Reached ** piety under Trog
  1270 | D:2      | Reached XP level 4. HP: 38/41 MP: 3/3
  1381 | D:2      | Reached skill level 5 in Fighting
  1893 | D:3      | Reached skill level 5 in Long Blades
  2323 | D:3      | Noticed Terence
  2340 | D:3      | Killed Terence
  2340 | D:3      | Reached XP level 5. HP: 41/48 MP: 4/4
  2400 | D:3      | Noticed Sigmund
  2418 | D:3      | Killed Sigmund
  2418 | D:3      | Reached skill level 6 in Long Blades
  2418 | D:3      | Reached XP level 6. HP: 57/57 MP: 5/5
  2495 | D:3      | Noticed Natasha
  2507 | D:3      | Killed Natasha
  2651 | D:3      | Noticed Grinder
  2668 | D:3      | Killed Grinder
  2668 | D:3      | Reached skill level 7 in Long Blades
  2668 | D:3      | Reached XP level 7. HP: 41/63 MP: 6/6
  2817 | D:3      | Noticed Natasha
  2856 | D:3      | Killed Natasha
  2880 | D:3      | Noticed Natasha
  2885 | D:3      | Killed Natasha
  3188 | D:3      | Reached *** piety under Trog
  3498 | D:4      | Found a blossoming altar of Fedhas.
  3499 | D:4      | Found a basalt altar of Yredelemnul.
  3516 | D:4      | Reached skill level 5 in Armour
  3523 | D:4      | Noticed Eustachio
  3561 | D:4      | Reached skill level 8 in Long Blades
  3561 | D:4      | Reached XP level 8. HP: 34/71 MP: 7/7
  3598 | D:4      | Killed Eustachio
  4062 | D:4      | Found a runed translucent door.
  4063 | D:4      | Noticed Crazy Yiuf
  4071 | D:4      | Killed Crazy Yiuf
  4138 | D:4      | Found a shimmering blue altar of Sif Muna.
  4393 | D:4      | Reached skill level 9 in Long Blades
  4401 | D:4      | Reached **** piety under Trog
  4408 | D:4      | Got an amethyst-studded ring mail
  4423 | D:4      | Identified the +5 ring mail of the Distant Future {rCorr}
                  | (You found it on level 4 of the Dungeon)
  4660 | D:5      | Entered Level 5 of the Dungeon
  4682 | D:5      | Reached skill level 5 in Dodging
  4790 | D:5      | Noticed Prince Ribbit
  4795 | D:5      | Killed Prince Ribbit
  4795 | D:5      | Reached XP level 9. HP: 76/79 MP: 8/8
  5153 | D:6      | Found an iron altar of Okawaru.
  5164 | D:6      | Reached skill level 10 in Long Blades
  5631 | D:6      | Reached ***** piety under Trog
  5953 | D:6      | Reached skill level 11 in Long Blades
  6451 | D:7      | Found a shadowy altar of Dithmenos.
  6554 | D:7      | Noticed a troll
  7149 | D:7      | Found a transporter.
  7174 | D:7      | Found a transporter.
  7186 | D:7      | Killed a troll
  7186 | D:7      | Reached XP level 10. HP: 51/90 MP: 9/9
  7458 | D:7      | Received a gift from Trog
  7545 | D:7      | Found a broken altar of Ashenzari.
  7546 | D:7      | Found an ornate altar of the Wu Jian Council.
  7574 | D:7      | Found Deyto Ciy's Elemental Accessories.
  7662 | D:7      | Found a hazy altar of Hepliaklqana.
  7763 | D:7      | Reached skill level 12 in Long Blades
  7769 | D:7      | Found a burning altar of Makhleb.
  7769 | D:7      | Found a glowing silver altar of Zin.
  7770 | D:7      | Noticed an angel
  7770 | D:7      | Noticed a green death
  7771 | D:7      | Reached skill level 1 in Evocations
  7815 | D:7      | Found a staircase to the Ecumenical Temple.
  7825 | Temple   | Entered the Ecumenical Temple
  8469 | D:8      | Found a hide-covered altar of Uskayaw.
  9452 | D:9      | Found an iron altar of Okawaru.
  9776 | D:9      | Received a gift from Trog
  9811 | D:9      | Noticed a two-headed ogre
  9816 | D:9      | Killed a two-headed ogre
  9816 | D:9      | Reached skill level 13 in Long Blades
  9880 | D:9      | Reached XP level 11. HP: 99/99 MP: 10/10
  9937 | D:10     | Entered Level 10 of the Dungeon
  9954 | D:10     | Reached skill level 10 in Fighting
 10062 | D:10     | Paralysed by a hornet for 1 turns
 10338 | D:10     | Identified a +0 pair of boots of running (You found it on
                  | level 10 of the Dungeon)
 10385 | D:10     | Found a staircase to the Lair.
 10530 | D:10     | Noticed Gigglenaut's ghost (journeyman DsIE)
 10542 | D:10     | Found a transporter.
 10624 | D:10     | Found a transporter.
 10655 | D:10     | Killed Gigglenaut's ghost
 10658 | D:10     | Reached skill level 14 in Long Blades
 10891 | Lair:1   | Entered Level 1 of the Lair of Beasts
 10918 | Lair:1   | Noticed a six-headed hydra
 10925 | Lair:1   | Killed an eight-headed hydra
 11581 | Lair:1   | Reached XP level 12. HP: 111/111 MP: 11/11
 11591 | Lair:1   | Reached skill level 10 in Armour
 11591 | Lair:1   | Reached skill level 5 in Evocations
 11907 | Lair:2   | Found a frozen archway.
 11919 | IceCv    | Entered an ice cave
 11927 | IceCv    | Reached skill level 15 in Long Blades
 11933 | IceCv    | Found a transporter.
 11962 | IceCv    | Found a transporter.
 11988 | IceCv    | HP: 5/112 [ice beast[an ice statue] (1)]
 11988 | IceCv    | Mangled by an ice beast

Illustrated notes

Levels and vault maps discovered:
D:1:      onia_arrival_pyramid, layout_rooms
D:2:      layout_basic
D:3:      layout_basic, uniq_terence, uniq_natasha, uniq_grinder, uniq_sigmund
D:4:      layout_rooms, lemuel_round_altar,
          chequers_temple_overflow_statue_of_worship, grunt_decor_fettered,
          moated_statue, hangedman_decor_lopped, uniq_eustachio,
          uniq_crazy_yiuf_cottage
D:5:      layout_cave_pools, serial_rivers, chequers_serial_rivers_micro_d,
          chequers_serial_rivers_micro_d, chequers_serial_rivers_micro_e,
          chequers_serial_rivers_room_a, uniq_prince_ribbit1
D:6:      layout_loops_corners, okawaru_gym_becter
D:7:      gammafunk_the_bubble [the_bubble_gammafunk_grid], layout_loops_ring,
          grunt_temple_overflow_order_and_chaos_2, kennysheep_mini,
          gammafunk_temple_overflow_statue, grunt_dithmenos_shadows,
          minmay_temple_entry_fiery, nicolae_elemental_shop
D:8:      minmay_bloctagon, layout_basic, old_standard_altar
D:9:      layout_basic, basic_altar
D:10:     layout_basic, due_lair_maze_entry_diamond, gammafunk_ghost_hive
Temple:   minmay_temple_forest_path
Lair:1:   layout_long_grid, grunt_megastairs_3, lemuel_fruit_tree
Lair:2:   layout_regular_city, portal_ice_cave_entry_pillars_1
IceCv:    ice_cave_statue_garden_transporter

Skill      XL: |  1  2  3  4  5  6  7  8  9 10 11 12 |
---------------+-------------------------------------+-----
Fighting       | 4 5 6 7 8 9 11 12 | 12.1
Long Blades    | 4 5 6 7 8 9 11 13 14 15 | 15.0
Dodging        | 3 4 5 6 7 8 |  8.0
Armour         | 3 4 5 7 8 9 10 | 10.0
Evocations     | 3 4 5 |  5.2

Action                   |  1- 3 |  4- 6 |  7- 9 | 10-12 || total
-------------------------+-------+-------+-------+-------++-------
Melee: Falchion          |    64 |   100 |   416 |    29 ||   609
       Headbutt          |    11 |    22 |    83 |    91 ||   207
       Great sword       |       |       |       |   311 ||   311
Invok: Berserk           |     1 |       |     6 |     2 ||     9
       Trog's Hand       |       |     1 |     3 |     4 ||     8
       Brothers in Arms  |       |       |     1 |     3 ||     4
Evoke: Condenser vane    |       |       |       |     1 ||     1
  Use: Scroll            |       |     8 |     7 |    12 ||    27
       Potion            |       |     3 |     1 |     3 ||     7
 Stab: Sleeping          |       |     1 |       |       ||     1
Armor: Animal skin       |     9 |     2 |       |       ||    11
       Scale mail        |       |     9 |       |       ||     9
       Chain mail        |       |    20 |   115 |       ||   135
       Skin              |       |       |    27 |       ||    27
       Ring mail         |       |       |    69 |   113 ||   182
Dodge: Dodged            |    53 |    48 |   238 |   365 ||   704
       Repelled          |       |       |       |     1 ||     1
       Rpst.: Falchion   |    17 |    13 |    52 |     6 ||    88
       Great sword       |       |       |       |    81 ||    81

Table legend: (Time is in decaauts)
 A = Elapsed time spent in this place.
 B = Non-inter-level travel time spent in this place.
 C = Inter-level travel time spent in this place.
 D = Time resting spent in this place.
 E = Time spent auto-exploring this place.
 F = Levels seen in this place.
 G = Mean time per level.
                   A        B        C        D        E       F      G
               +--------+--------+--------+--------+--------+-----+--------+
         Total |  11887 |   9348 |   2539 |   1808 |   5164 |  14 |  849.1 |
       Dungeon |  10477 |   8230 |   2247 |   1808 |   4258 |  10 | 1047.7 |
        Temple |    399 |    346 |     53 |      0 |    345 |   1 |  399.0 |
          Lair |    947 |    708 |    239 |      0 |    560 |   2 |  473.5 |
      Ice Cave |     62 |     62 |      0 |      0 |      0 |   1 |   62.0 |
               +--------+--------+--------+--------+--------+-----+--------+

Top non-repeatable levels by time:
     D:3: 1758 daAuts
     D:7: 1631 daAuts
     D:6: 1228 daAuts
     D:4: 1197 daAuts
     D:8: 954 daAuts
    D:10: 934 daAuts
     D:1: 873 daAuts
     D:2: 860 daAuts
  Lair:1: 771 daAuts
     D:9: 557 daAuts
     D:5: 481 daAuts
  Temple: 399 daAuts
  Lair:2: 175 daAuts
   IceCv: 62 daAuts
